 Dungeon Crawl Stone Soup version 0.24.0-125-gc4c63601f3 (webtiles) character file.

Game seed: 18322677144548249245, levelgen mode: deterministic

10444 Johnny the Thaumaturge (level 11, -6/72 HPs)
             Began as a Deep Elf Earth Elementalist on Feb 17, 2020.
             Was a Priest of Dithmenos.
             Mangled by an eight-headed hydra (14 damage)
             ... on level 11 of the Dungeon.
             The game lasted 00:15:40 (11031 turns).

Johnny the Thaumaturge (DEEE)                      Turns: 11031, Time: 00:15:40

Health: -6/72      AC:  9    Str:  5    XL:     11   Next: 36%
Magic:  0/28       EV: 12    Int: 24    God:    Dithmenos [***...]
Gold:   539        SH:  5    Dex: 15    Spells: 19/32 levels left

rFire    . . .     SeeInvis +   t - +1 trident (venom)
rCold    . . .     Gourm    .   C - +0 buckler
rNeg     . . .     Faith    .   F - +0 troll leather armour
rPois    .         Spirit   .   j - +2 helmet
rElec    .         Reflect  .   m - +0 cloak
rCorr    .         Harm     .   a - +0 pair of gloves
MR       +....                  (no boots)
Stlth    +++.......             H - amulet of the acrobat
HPRegen  0.62/turn              s - ring of see invisible
MPRegen  0.21/turn              (no ring)

@: wreathed by umbra
A: no striking features
a: Shadow Step, Renounce Religion


You were on level 11 of the Dungeon.
You worshipped Dithmenos.
Dithmenos was most pleased with you.
You were near starving.

You visited 2 branches of the dungeon, and saw 12 of its levels.

You collected 624 gold pieces.
You spent 85 gold pieces at shops.

Inventory:

Hand Weapons
 t - a +1 trident of venom (weapon)
 w - the +11 dagger of the Ecumenical Temple {freeze, *Corrode rF+++ Str-5 Int+3}
   (You found it on level 5 of the Dungeon)

   It has been specially enchanted to freeze those struck by it, causing extra
   injury to most foes and up to half again as much damage against particularly
   susceptible opponents.
   It can also slow down cold-blooded creatures.
   It affects your strength (-5).
   It affects your intelligence (+3).
   It renders you almost immune to fire.
   It may corrode you when you take damage.
Missiles
 b - 276 stones (quivered)
Armour
 a - a +0 pair of gloves (worn)
 j - a +2 helmet (worn)
 m - a +0 cloak (worn)
 v - a +2 robe of magic resistance
 C - a +0 buckler (worn)
 F - a +0 troll leather armour (worn)
Jewellery
 q - a +4 amulet of reflection
 s - a ring of see invisible (left hand)
 u - an uncursed ring of ice
 H - an amulet of the acrobat (around neck)
Wands
 G - a wand of random effects (17)
 L - a wand of acid (5)
Scrolls
 c - 2 scrolls of fog
 e - 8 scrolls of remove curse
 f - 8 scrolls of teleportation
 k - a scroll of holy word
 o - 2 scrolls of amnesia
 r - 2 scrolls of noise
 y - 2 scrolls of blinking
 B - a scroll of magic mapping
 D - a scroll of silence
 I - a scroll of fear
 J - 2 scrolls of enchant armour {unknown}
Potions
 g - a potion of flight
 h - 3 potions of degeneration
 i - 4 potions of haste
 l - 3 potions of mutation {unknown}
 n - 3 potions of might {unknown}
 p - 3 potions of brilliance
 x - a potion of lignification {unknown}
 z - 2 potions of resistance {unknown}
 A - 6 potions of curing
 K - a potion of berserk rage {unknown}
Comestibles
 d - 24 rations


   Skills:
 * Level 10.1 Fighting
 - Level 2.4 Dodging
 - Level 2.4 Stealth
 + Level 5.0 Shields
 + Level 11.2 Spellcasting
 - Level 1.1 Transmutations
 + Level 9.9 Earth Magic


You had 19 spell levels left.
You knew the following spells:

 Your Spells              Type           Power        Failure   Level  Hunger
a - Sandblast             Erth           ######       1%          1    None
b - Stone Arrow           Conj/Erth      #####.       3%          3    None
c - Lee's Rapid Deconstr  Erth           ######....   3%          5    ####...
d - Petrify               Tmut/Erth      #####...     9%          4    None

Your spell library contained the following spells:

 Spells                   Type           Power        Failure   Level  Hunger
 Passwall                 Tmut/Erth      #####...     1%          2    None


Dungeon Overview and Level Annotations

Branches:
Dungeon (11/15)            Temple (1/1) D:4            Lair (0/6) D:9
    Orc: D:9-12

Altars:
Ashenzari
Cheibriados
Dithmenos
Elyvilon
Fedhas
Gozag
Hepliaklqana
Kikubaaqudgha
Makhleb
Nemelex Xobeh
Okawaru
Qazlal
Ru
Sif Muna
Trog
Uskayaw
Vehumet
Wu Jian
Xom
Yredelemnul
Zin
The Shining One

Shops:
D:9 *   D:10 (

Annotations:
D:10 2 transporters, Xerdoz's ghost, novice TrHu


Message History

This square is wreathed by an umbra.
The wall shatters!
The blast of rock fragments hits the eight-headed hydra!
The eight-headed hydra is almost dead.
The blast of rock fragments hits the yak!!
You kill the yak!
Dithmenos accepts your kill.
Your Shields skill increases to level 5!
The eight-headed hydra bites you but does no damage.
The eight-headed hydra bites you.
* * * LOW HITPOINT WARNING * * *
The eight-headed hydra bites you!
* * * LOW HITPOINT WARNING * * *
You block the eight-headed hydra's attack.
The eight-headed hydra bites you.
* * * LOW HITPOINT WARNING * * *
The eight-headed hydra misses you.
The eight-headed hydra bites you but does no damage.
The eight-headed hydra bites you!
You die...

#......########
#..)...#.......
#......#.......
#......#.Y.....
##.#####.......
####)# ......)
#.<..#####YO.....
#....#.D†YY..#
#...##@#######
#...##.#
#...##'######
#...........#
#...........#
#...........#
##.#........#
#.#........#
......######


You could see an eight-headed hydra, 3 yaks and an ogre.

Vanquished Creatures
  Harold (D:7)
  A two-headed ogre (D:11)
  The ghost of Trinsec the Whirler, a novice HaHu of Okawaru (D:7)
  An unseen horror (D:10)
  Pikel (D:4)
  Maurice (D:10)
  A kobold demonologist (D:11)
  An efreet (D:8)
  3 trolls
  A hippogriff (D:6)
  Sigmund (D:2)
  A wyvern (D:10)
  2 yaks (D:11)
  Menkaure (D:4)
  An acid dragon (D:11)
  A water moccasin (D:10)
  2 orc warriors
  A slave (D:4)
  3 sky beasts
  7 ice beasts
  6 ogres
  3 phantoms
  A crocodile (D:9)
  3 centaurs
  2 big kobolds
  8 bullfrogs
  A wyvern zombie (D:10)
  A wyvern skeleton (D:10)
  3 scorpions
  5 electric eels (D:8)
  4 crimson imps
  2 bullfrog zombies
  A howler monkey (D:4)
  A centaur zombie (D:6)
  2 jellies
  A quasit (D:10)
  2 centaur skeletons
  Crazy Yiuf (D:2)
  4 orc wizards
  5 orc priests
  3 bullfrog skeletons
  4 hounds
  3 iguanas (D:10)
  10 worker ants
  A killer bee zombie (D:10)
  3 hound zombies
  A hound skeleton (D:6)
  A worker ant zombie (D:5)
  Robin (D:2)
  7 adders
  3 shadow imps
  3 oozes
  3 adder skeletons
  2 worms
  A dart slug (D:1)
  4 leopard geckos
  32 orcs
  A ball python (D:4)
  5 giant cockroaches
  9 goblins
  6 hobgoblins
  3 jackals (D:8)
  5 quokkas
  2 bats
  7 frilled lizards
  10 kobolds
  A quokka skeleton (D:4)
  5 rats
  A fungus (D:2)
225 creatures vanquished.

Vanquished Creatures (others)
  2 slaves (D:4)
  A howler monkey skeleton (D:4)
3 creatures vanquished.

Grand Total: 228 creatures vanquished

Notes
Turn   | Place    | Note
-------+----------+-------------------------------------------
     0 | D:1      | Johnny the Deep Elf Earth Elementalist began the quest for
                  | the Orb.
     0 | D:1      | Reached XP level 1. HP: 10/10 MP: 6/6
   200 | D:1      | Reached XP level 2. HP: 16/16 MP: 6/8
   248 | D:1      | You fall into a shaft and drop 1 floor!
   308 | D:2      | Reached skill level 1 in Fighting
   354 | D:2      | Noticed Robin
   362 | D:2      | Killed Robin
   427 | D:2      | Reached XP level 3. HP: 5/20 MP: 8/10
   954 | D:2      | Noticed Sigmund
   958 | D:2      | Killed Sigmund
   958 | D:2      | Reached skill level 4 in Spellcasting
   958 | D:2      | Reached XP level 4. HP: 15/27 MP: 7/12
   958 | D:2      | Reached XP level 5. HP: 18/32 MP: 7/13
  1585 | D:2      | Found a runed translucent door.
  1586 | D:2      | Noticed Crazy Yiuf
  1666 | D:2      | Killed Crazy Yiuf
  2821 | D:4      | Reached XP level 6. HP: 37/37 MP: 12/15
  2825 | D:4      | Noticed a sky beast
  2846 | D:4      | Killed a sky beast
  2846 | D:4      | Reached skill level 5 in Spellcasting
  2927 | D:4      | Reached skill level 5 in Earth Magic
  2932 | D:4      | Noticed Menkaure
  3503 | D:4      | Noticed a slave
  3503 | D:4      | Noticed a slave
  3503 | D:4      | Noticed a slave
  3504 | D:4      | Noticed a slave
  3505 | D:4      | Noticed Pikel
  3523 | D:4      | Killed a slave
  3534 | D:4      | Killed Pikel
  3534 | D:4      | Reached skill level 5 in Fighting
  3534 | D:4      | Reached skill level 6 in Spellcasting
  3534 | D:4      | Reached XP level 7. HP: 9/44 MP: 12/18
  3798 | D:4      | Killed Menkaure
  4014 | D:4      | Reached XP level 8. HP: 33/49 MP: 18/20
  4039 | D:4      | Reached skill level 7 in Spellcasting
  4286 | D:4      | Found a staircase to the Ecumenical Temple.
  4292 | Temple   | Entered the Ecumenical Temple
  4431 | Temple   | Became a worshipper of Dithmenos the Shadowed
  4531 | D:5      | Entered Level 5 of the Dungeon
  4746 | D:5      | Learned a level 3 spell: Stone Arrow
  4752 | D:5      | Learned a level 5 spell: Lee's Rapid Deconstruction
  4758 | D:5      | Learned a level 4 spell: Petrify
  4928 | D:5      | Got a crude dagger
  5300 | D:6      | Noticed a hippogriff
  5306 | D:6      | Killed a hippogriff
  5422 | D:6      | Reached skill level 8 in Spellcasting
  5729 | D:6      | Reached XP level 9. HP: 40/56 MP: 23/23
  5988 | D:6      | Reached skill level 1 in Shields
  6003 | D:6      | Found a burning altar of Makhleb.
  6181 | D:7      | Found a blossoming altar of Fedhas.
  6615 | D:7      | Reached * piety under Dithmenos
  6632 | D:7      | Reached skill level 9 in Spellcasting
  6752 | D:7      | Noticed Harold
  6778 | D:7      | Killed Harold
  6977 | D:7      | Found a runed translucent door.
  6977 | D:7      | Noticed Trinsec's ghost (novice HaHu)
  7261 | D:8      | Found a radiant altar of Vehumet.
  7276 | D:8      | Reached XP level 10. HP: 49/64 MP: 21/25
  7609 | D:8      | Identified the +11 dagger of the Ecumenical Temple {freeze,
                  | *Corrode rF+++ Str-5 Int+3} (You found it on level 5 of the
                  | Dungeon)
  7888 | D:8      | You fall into a shaft and drop 2 floors!
  7888 | D:10     | Entered Level 10 of the Dungeon
  8047 | D:10     | Found a transporter.
  8051 | D:10     | Noticed Xerdoz's ghost (novice TrHu)
  8052 | D:10     | Found a transporter.
  8052 | D:10     | Noticed a death knight
  8055 | D:10     | Noticed a death knight
  8121 | D:10     | Found Jaiwn's Weapon Shoppe.
  8186 | D:9      | Found a staircase to the Lair.
  8236 | D:9      | Reached ** piety under Dithmenos
  8258 | D:9      | Reached skill level 10 in Spellcasting
  8584 | D:9      | Found a hazy altar of Hepliaklqana.
  8609 | D:9      | Found Ubboleom's General Store.
  8623 | D:9      | Bought a scroll of identify for 34 gold pieces
  8623 | D:9      | Bought a potion of curing for 51 gold pieces
  9822 | D:7      | Killed Trinsec's ghost
 10311 | D:10     | Reached XP level 11. HP: 71/71 MP: 14/27
 10348 | D:10     | Reached *** piety under Dithmenos
 10669 | D:10     | Noticed Maurice
 10682 | D:10     | Killed Maurice
 10758 | D:10     | Noticed an unseen horror
 10777 | D:10     | Killed an unseen horror
 10777 | D:10     | Reached skill level 11 in Spellcasting
 10924 | D:11     | Noticed a two-headed ogre
 10930 | D:11     | Killed a two-headed ogre
 10930 | D:11     | Reached skill level 10 in Fighting
 11021 | D:11     | Noticed an eight-headed hydra
 11031 | D:11     | Reached skill level 5 in Shields
 11031 | D:11     | Mangled by an eight-headed hydra

Levels and vault maps discovered:
D:1:      dpeg_arrival_rooms_c, layout_loops_ring
D:2:      layout_basic, uniq_sigmund, uniq_robin, uniq_crazy_yiuf_cottage
D:3:      layout_loops_ring
D:4:      layout_rooms, minmay_temple_entry_fiery, first_ration,
          minmay_joined_circles, uniq_menkaure, uniq_pikel
D:5:      layout_loops_ring
D:6:      layout_gridville, basic_altar
D:7:      layout_rooms, basic_altar, ebering_ghost_reflecting_pool, uniq_harold
D:8:      cheibrodos_fzero, layout_rooms, basic_altar, serial_bayou,
          serial_bayou_ford_a, serial_bayou_pond_e, serial_bayou_lagoon_a,
          serial_bayou_crossing
D:9:      kennysheep_six_static_rooms, layout_rooms, lemuel_doored_altar,
          dpeg_oklobed_lair, serial_shops, nicolae_shop_waterfront
D:10:     layout_irregular_city, serial_shops, shop_fountains,
          gammafunk_ghost_mausoleum, uniq_maurice
D:11:     layout_basic, enter_bailey_8
Temple:   compressed_dpeg_triangle_lava_temple

Skill      XL: |  1  2  3  4  5  6  7  8  9 10 11 |
---------------+----------------------------------+-----
Fighting       | 1 2 3 5 6 8 9 10 | 10.1
Spellcasting   | 4 6 8 9 10 11 | 11.2
Earth Magic    | 4 5 6 7 8 9 |  9.9
Shields        | 2 4 5 |  5.0
Dodging        | |  2.4
Stealth        | |  2.4
Transmutations | |  1.1

Action                   |  1- 3 |  4- 6 |  7- 9 | 10-12 || total
-------------------------+-------+-------+-------+-------++-------
Melee: Unarmed           |    52 |   187 |       |       ||   239
       Trident           |       |    11 |   222 |   242 ||   475
Throw: Stone             |       |       |       |     2 ||     2
 Cast: Sandblast         |    31 |    64 |    49 |    46 ||   190
       Stone Arrow       |       |       |    26 |    32 ||    58
       Lee's Rapid Decon |       |       |    12 |    31 ||    43
       Petrify           |       |       |     3 |     3 ||     6
Evoke: Wand              |       |       |     4 |    13 ||    17
  Use: Scroll            |       |     4 |     5 |    12 ||    21
       Potion            |       |       |     3 |       ||     3
 Stab: Sleeping          |     1 |     3 |     8 |     6 ||    18
       Petrified         |       |       |     5 |       ||     5
  Eat: Chunk             |       |     6 |    12 |    10 ||    28
       Ration            |       |     1 |       |     2 ||     3
Armor: Robe              |     5 |    55 |    90 |    28 ||   178
       Troll leather arm |       |       |       |    77 ||    77
Dodge: Dodged            |    49 |   126 |   195 |   225 ||   595
Block: Buckler           |       |       |       |    83 ||    83
